 Dungeon Crawl Stone Soup version 0.27-a0-1416-g941b2bd30b (webtiles) character file.

Game seed: 186016646077690904

226904 robertstho the Peltast (level 18, 0/168 HPs)
             Began as a Minotaur Berserker on June 30, 2021.
             Was a High Priest of Trog.
             Killed from afar by Roxanne (38 damage)
             ... with an iron shot
             ... on level 4 of the Shoals on July 1, 2021.
             The game lasted 01:07:03 (29722 turns).

robertstho the Peltast (Minotaur Berserker)        Turns: 29722, Time: 01:07:03

Health: 0/168      AC: 22    Str: 28    XL:     18   Next: 22%
Magic:  17/17      EV: 15    Int:  6    God:    Trog [*****.]
Gold:   1872       SH: 27    Dex: 10    Spells: 17/17 levels left

rFire    . . .     SeeInvis .   y - +8 whip "Snakebite" {curare, rPois}
rCold    . . .     Faith    .   M - +0 tower shield
rNeg     . . .     Spirit   .   I - +2 robe of Vines {NoPotionHeal Regen+++}
rPois    +         Reflect  +   (helmet restricted)
rElec    .         Harm     .   x - +0 cloak
rCorr    .         Rampage  .   F - +2 pair of gloves
Will     +....                  c - +2 pair of boots {Stlth+}
Stlth    +.........             h - amulet of reflection
HPRegen  3.38/turn              i - +4 ring of protection
MPRegen  0.15/turn              l - +4 ring of protection

@: very slow
A: horns 2, retaliatory headbutt
}: 2/15 runes: barnacled, gossamer
a: Renounce Religion, Berserk, Trog's Hand, Brothers in Arms


You were on level 4 of the Shoals.
You worshipped Trog.
Trog was extremely pleased with you.
You visited 5 branches of the dungeon, and saw 31 of its levels.
You also visited: Bailey.

You collected 2983 gold pieces.
You spent 1111 gold pieces at shops.

Inventory:

Hand Weapons
 p - a +2 flail of holy wrath
 y - the +8 whip "Snakebite" (weapon) {curare, rPois}
   (You found it on level 7 of the Dungeon)

   It poisons the flesh of those it strikes.
   rPois:     It protects you from poison.
 J - a +0 vorpal battleaxe
Missiles
 G - 4 throwing nets (quivered)
Armour
 c - a +2 pair of boots of stealth (worn)
 x - a +0 cloak (worn)
 F - a +2 pair of gloves (worn)
 I - the +2 robe of Vines (worn) {NoPotionHeal Regen+++}
   (You found it on level 9 of the Dungeon)

   Regen:     It increases your rate of health regeneration.
 L - a +2 chain mail of fire resistance
 M - a +0 tower shield (worn)
 Y - the +1 plate armour of Hedge Wizardry {+Blink rElec rC+++ Str-5}
   (You bought it in a shop on level 2 of the Orcish Mines)

   Str:       It affects your strength (-5).
   rC:        It renders you almost immune to cold.
   rElec:     It insulates you from electricity.
   +Blink:    It lets you blink.
Jewellery
 a - an amulet of magic regeneration
 e - a ring of willpower
 h - an amulet of reflection (around neck)
 i - a +4 ring of protection (left hand)
 k - a ring of protection from fire
 l - a +4 ring of protection (right hand)
 u - a +4 ring of slaying
 C - the ring of the Crown {rN++ Str+6}
   (You acquired it on level 11 of the Dungeon)

   [ring of strength]

   Str:       It affects your strength (+6).
   rN:        It greatly protects you from negative energy.
 P - a ring of willpower
 Q - an amulet of regeneration
 T - a +6 ring of strength
 V - a ring of see invisible
 W - a +6 ring of strength
Wands
 j - a wand of mindburst (23)
 K - a wand of acid (15)
Scrolls
 n - 7 scrolls of enchant armour
 r - 10 scrolls of teleportation
 s - 2 scrolls of identify
 t - 4 scrolls of blinking
 v - 4 scrolls of fog
 w - 3 scrolls of enchant weapon
 z - a scroll of summoning
 A - 5 scrolls of immolation
 H - 2 scrolls of fear
 O - 4 scrolls of magic mapping
 R - 4 scrolls of brand weapon
Potions
 b - 3 potions of resistance
 d - 15 potions of curing
 f - 4 potions of flight
 g - 7 potions of attraction
 m - 9 potions of mutation
 o - 10 potions of heal wounds
 q - 3 potions of haste
 B - 3 potions of might
 D - 3 potions of magic
 E - a potion of ambrosia
 N - 2 potions of invisibility
 S - a potion of cancellation
 U - 3 potions of lignification


   Skills:
 * Level 16.8 Fighting
 + Level 9.2(12.2) Axes
 + Level 13.1(14.1) Maces & Flails
 * Level 17.3 Armour
 + Level 12.7 Dodging
 + Level 17.7 Shields
 * Level 14.0 Unarmed Combat
 + Level 0.8 Evocations


You had 17 spell levels left.
You didn't know any spells.
Your spell library was empty.

Dungeon Overview and Level Annotations

Branches:
Dungeon (15/15)            Temple (0/1) D:6            Lair (6/6) D:9
 Shoals (4/4) Lair:4       Spider (4/4) Lair:3        Slime (0/5) Lair:5
    Orc (2/2) D:9             Elf (0/3) Orc:2        Vaults (0/5) D:13
 Depths (0/5) D:15         Bailey (visited)

Altars:
Ashenzari
Dithmenos
Fedhas
Kikubaaqudgha
Makhleb
Qazlal
Beogh

Shops:
D:2 [   D:7 !   D:11 (   D:12 (   D:14 :   Orc:2 [(*:(   Shoals:1 :

Annotations:
Shoals:4 Roxanne


Innate Abilities, Weirdness & Mutations

You have a pair of horns on your head.
You reflexively headbutt those who attack you in melee.


Message History

The merfolk is almost dead.
Your ogre hits the merfolk with a +0 giant club!
You barely miss the merfolk.
The merfolk is almost dead.
You kill the merfolk!
Trog accepts your kill.
You hear a splash. x2
Roxanne casts a spell.
The crystal spear hits you!!
Your ogre rages.
Your ogre hits Roxanne with a +0 giant club!!!
Roxanne mumbles some strange words.
The crystal spear hits you!!!!
* * * LOW HITPOINT WARNING * * *
You feel your willpower return.
Your ogre hits Roxanne but does no damage.
Roxanne casts a spell.
The bolt of magma hits your ogre!!!
Your ogre dies!
Your ogre's corpse disappears in a puff of smoke!
The bolt of magma misses you.
Things that are here:
a +0 spear; a +0 hunting sling; 25 sling bullets
Aiming: Corrosive Bolt
Press: ? - help, Shift-Dir - straight line, f - Roxanne
Aim: Roxanne (severely damaged, 100% to hit)
The bolt of acid hits Roxanne but does no damage.
Roxanne is severely damaged.
You are engulfed in a cloud of scalding steam.
* * * LOW HITPOINT WARNING * * *
You are no longer glowing.
Aiming: Corrosive Bolt
Press: ? - help, Shift-Dir - straight line, f/p - Roxanne
Aim: Roxanne (severely damaged, 100% to hit)
The bolt of acid hits Roxanne!
Roxanne is splashed with acid!
Roxanne is almost destroyed.
You are engulfed in a cloud of scalding steam.
Roxanne casts a spell.
The iron shot hits you!!!
You die...

≈≈≈≈≈≈≈≈≈≈≈≈≈≈≈≈≈≈
≈≈≈≈≈≈≈≈≈≈≈≈≈≈≈≈≈≈
≈≈≈≈≈≈≈≈≈≈≈≈≈≈≈≈≈≈
≈≈≈≈≈≈≈≈≈≈≈≈≈≈≈...
≈≈≈≈≈≈≈≈≈≈≈≈≈...((.
≈≈≈≈≈≈≈≈≈≈≈≈.......[
≈≈≈≈≈≈≈≈≈8≈..........
≈≈≈≈≈≈≈≈≈≈≈...........
≈≈≈≈≈≈≈≈≈@...........#
≈≈≈≈≈≈≈≈≈§............
≈≈≈≈≈≈≈≈≈≈............
≈≈≈≈≈≈≈≈≈≈............
≈≈≈≈≈≈..≈≈............
≈≈≈≈..................
..
≈.......≈≈≈.....≈≈≈≈≈
...P.
.......≈≈≈≈....≈≈≈≈≈
....P.
..^....≈≈......≈≈≈≈


You could see Roxanne.

Vanquished Creatures
  Arachne (Spider:4)
  Jorgrun (Spider:1)
  Agnes (Spider:4)
  Frances (Shoals:2)
  Ilsuiw (Shoals:2)
  The ghost of Raetutio the Tortoise, an adept DsBe of Trog (Spider:4)
  Louise (Spider:1)
  3 ghost moths
  2 orc warlords
  A quicksilver ooze (shapeshifter) (D:13)
  An entropy weaver (Spider:2)
  4 spark wasps
  An ettin (shapeshifter) (D:15)
  An ettin (Orc:2)
  4 merfolk javelineers
  2 merfolk impalers (Shoals:2)
  Fannar (Orc:1)
  An ogre mage (D:10)
  5 merfolk avatars
  4 boulder beetles
  8 vault guards (D:13)
  10 hydras
  A catoblepas (Lair:3)
  4 centaur warriors
  7 death yaks
  2 alligator snapping turtles
  A death knight (D:11)
  2 merfolk aquamancers
  12 two-headed ogres
  2 satyrs (Shoals:4)
  2 orc high priests (Orc:2)
  3 tengu warriors (D:13)
  5 skeletal warriors
  8 sea snakes
  A death drake (shapeshifter) (D:14)
  4 harpies (Shoals:4)
  A lindwurm (Lair:3)
  6 orc knights
  A wizard (D:15)
  19 orb spiders
  7 orc sorcerers
  A deep elf pyromancer (D:14)
  19 wolf spiders
  10 slime creatures
  3 ugly things (D:14)
  11 fauns
  10 manticores
  6 cyclopes
  A salamander (D:15)
  A moth of wrath (Spider:4)
  14 merfolk sirens
  An elephant (Lair:3)
  A torpor snail (Lair:6)
  3 black mambas
  A gargoyle (D:13)
  3 water nymphs
  A kobold demonologist (D:11)
  3 unseen horrors
  9 cane toads
  8 komodo dragons
  4 yaktaurs (D:15)
  10 rime drakes
  An efreet (D:14)
  5 demonic crawlers
  A tengu conjurer (D:14)
  6 trolls
  7 polar bears
  16 merfolk
  38 jumping spiders
  Grinder (D:3)
  20 blink frogs
  4 wind drakes
  9 hornets
  6 snapping turtles
  A centaur simulacrum (D:15)
  11 dream sheep
  73 redbacks
  A shadow (D:14)
  A vampire (D:10)
  12 wyverns
  7 water elementals
  12 spriggans (Lair:6)
  A yak (shapeshifter) (D:14)
  8 basilisks
  Eustachio (D:5)
  18 tarantellas
  57 yaks
  5 wraiths
  10 vampire mosquitoes
  4 steam dragons
  10 wargs
  An acid dragon (D:11)
  19 water moccasins
  7 black bears
  37 orc warriors
  An ice beast (D:5)
  A necrophage (D:4)
  30 wolves
  10 ogres
  5 boggarts (Lair:6)
  10 centaurs
  2 phantoms
  4 kobold brigands
  10 bullfrogs
  2 gnoll sergeants
  3 scorpions
  A wyvern zombie (D:8)
  13 killer bees
  4 howler monkeys
  8 electric eels
  2 vampire bats (Lair:6)
  6 gnoll shamans
  3 jellies (Lair:5)
  18 orc priests
  5 centaur zombies
  Crazy Yiuf (D:7)
  5 hounds
  4 bullfrog skeletons
  3 iguanas
  23 orc wizards
  2 hell rats (Lair:5)
  A killer bee zombie (D:8)
  2 hound skeletons
  A howler monkey zombie (D:6)
  44 gnolls
  6 adders
  4 shadow imps
  A white imp (D:6)
  4 worms
  A dart slug (D:3)
  88 orcs
  11 bats
  17 endoplasms
  5 goblins
  19 hobgoblins
  6 jackals
  23 kobolds
  5 quokkas
  4 ball pythons
  4 frilled lizards
  A jackal skeleton (D:4)
  7 rats
1103 creatures vanquished.

Vanquished Creatures (collateral kills)
  A ghost moth (Spider:4)
  An emperor scorpion (Spider:4)
  A spark wasp (Spider:4)
  A merfolk javelineer (Shoals:4)
  A merfolk impaler (Shoals:4)
  The ghost of indyram44 the Protected, a journeyman MiFi of Qazlal (D:11)
  A hydra (D:9)
  A satyr (Shoals:4)
  A sea snake (Shoals:4)
  3 harpies (Shoals:4)
  6 fauns (Shoals:4)
  A cyclops (Shoals:4)
  2 manticores
  A wolf spider (Spider:3)
  A merfolk siren (Shoals:4)
  A demonic crawler (Spider:4)
  A komodo dragon (Lair:5)
  5 merfolk (Shoals:4)
  3 hornets (Spider:4)
  3 wind drakes (Shoals:4)
  A snapping turtle (Shoals:4)
  4 redbacks
  2 wyverns (Lair:5)
  A tarantella (Spider:4)
  3 water elementals (Shoals:4)
  A basilisk (Lair:5)
  A hell hound (Lair:5)
  6 orc warriors (Orc:2)
  A black bear (D:9)
  2 orc wizards (Orc:2)
  2 orcs (Orc:2)
60 creatures vanquished.

Vanquished Creatures (others)
  An unseen horror (D:11)
  A redback (Spider:4)
  A kobold (D:9)
  56 fungi
  287 plants
  7 toadstools (Lair:3)
353 creatures vanquished.

Grand Total: 1516 creatures vanquished

Notes
Turn   | Place    | Note
-------+----------+-------------------------------------------
     0 | D:1      | robertstho the Minotaur Berserker began the quest for the
                  | Orb.
     0 | D:1      | Reached XP level 1. HP: 19/19 MP: 0/0
    74 | D:1      | Reached XP level 2. HP: 21/27 MP: 1/1
   414 | D:1      | Found a faded altar of an unknown god.
   503 | D:1      | Reached skill level 1 in Unarmed Combat
   846 | D:2      | Reached XP level 3. HP: 32/33 MP: 2/2
   850 | D:2      | Found Souzuxti's Antique Armour Boutique.
   864 | D:2      | Reached ** piety under Trog
  1458 | D:2      | Reached XP level 4. HP: 41/41 MP: 3/3
  2125 | D:3      | Noticed an ogre
  2203 | D:3      | Found an ancient bone altar of Kikubaaqudgha.
  2528 | D:3      | Reached XP level 5. HP: 47/47 MP: 2/4
  2590 | D:3      | Killed an ogre
  2591 | D:3      | Reached skill level 5 in Fighting
  2591 | D:3      | Reached skill level 5 in Armour
  2663 | D:3      | Noticed Grinder
  2688 | D:3      | Killed Grinder
  2689 | D:3      | Reached skill level 5 in Axes
  2689 | D:3      | Reached XP level 6. HP: 48/56 MP: 5/5
  3147 | D:4      | Reached skill level 1 in Shields
  3147 | D:4      | Reached XP level 7. HP: 52/61 MP: 6/6
  3756 | D:4      | Paralysed by a centaur for 7 turns
  3768 | D:4      | Paralysed by a centaur for 7 turns
  4242 | D:5      | Entered Level 5 of the Dungeon
  4260 | D:5      | Reached *** piety under Trog
  4275 | D:5      | Reached XP level 8. HP: 71/71 MP: 7/7
  4739 | D:5      | Noticed Eustachio
  4748 | D:5      | Killed Eustachio
  5406 | D:6      | Found a staircase to the Ecumenical Temple.
  5565 | D:6      | Reached XP level 9. HP: 79/79 MP: 8/8
  5682 | D:2      | Bought a pair of embroidered gloves for 135 gold pieces
  5808 | D:6      | Reached **** piety under Trog
  6206 | D:6      | Reached skill level 5 in Unarmed Combat
  6335 | D:6      | Found a burning altar of Makhleb.
  6617 | D:7      | Reached skill level 10 in Armour
  6884 | D:7      | Found Guasi's Distillery.
  6893 | D:7      | Bought a potion of degeneration for 15 gold pieces
  6893 | D:7      | Bought a potion of heal wounds for 75 gold pieces
  6932 | D:7      | Found a stormy altar of Qazlal.
  7098 | D:7      | Found a runed translucent door.
  7099 | D:7      | Found the +8 whip "Snakebite" {curare, rPois}
  7099 | D:7      | Noticed Crazy Yiuf
  7104 | D:7      | Killed Crazy Yiuf
  7374 | D:8      | Reached skill level 1 in Maces & Flails
  7377 | D:8      | Reached XP level 10. HP: 89/89 MP: 9/9
  7818 | D:8      | Reached ***** piety under Trog
  8169 | D:9      | Found a flagged portal.
  8179 | Bailey   | Entered a bailey
  8993 | D:9      | Found a staircase to the Lair.
  9007 | D:9      | Received a gift from Trog
  9038 | D:9      | Reached skill level 10 in Fighting
  9064 | D:9      | Noticed a four-headed hydra
  9178 | D:9      | Reached skill level 5 in Shields
  9384 | D:9      | Reached XP level 11. HP: 91/99 MP: 10/10
  9391 | D:9      | Found a staircase to the Orcish Mines.
  9987 | D:9      | Found a broken altar of Ashenzari.
  9997 | D:9      | Noticed a two-headed ogre
 10006 | D:9      | Killed a two-headed ogre
 10022 | D:9      | Killed a four-headed hydra
 10023 | D:9      | Reached skill level 5 in Maces & Flails
 10366 | D:9      | Found the +2 robe of Vines {NoPotionHeal Regen+++}
 10496 | D:10     | Entered Level 10 of the Dungeon
 10508 | D:10     | Noticed a skeletal warrior
 10508 | D:10     | Noticed a skeletal warrior
 10508 | D:10     | Noticed a skeletal warrior
 10508 | D:10     | Noticed a skeletal warrior
 10524 | D:10     | Killed a skeletal warrior
 10533 | D:10     | Killed a skeletal warrior
 10760 | D:10     | Noticed a two-headed ogre
 10768 | D:10     | Killed a two-headed ogre
 10783 | D:10     | Killed a skeletal warrior
 10801 | D:10     | Killed a skeletal warrior
 10873 | D:10     | Noticed a two-headed ogre
 11259 | D:10     | Noticed a two-headed ogre
 11263 | D:10     | Noticed an ogre mage
 11303 | D:10     | Reached XP level 12. HP: 110/110 MP: 11/11
 11312 | D:10     | Killed a two-headed ogre
 11327 | D:10     | Received a gift from Trog
 11335 | D:10     | Killed an ogre mage
 11441 | D:10     | Identified the +5 fustibalus of False Accusations {flame,
                  | Contam rN+ Int+3}
 11602 | D:10     | Killed a two-headed ogre
 11843 | D:11     | Noticed a two-headed ogre
 11850 | D:11     | Killed a two-headed ogre
 11944 | D:11     | Reached skill level 5 in Dodging
 12059 | D:11     | Noticed indyram44's ghost (journeyman MiFi)
 12064 | D:11     | Found a runed translucent gate.
 12064 | D:11     | Found a runed translucent gate.
 12064 | D:11     | Found a runed translucent gate.
 12112 | D:11     | Noticed a centaur warrior
 12126 | D:11     | Killed a centaur warrior
 12136 | D:11     | Found Beloe's Antique Weapon Boutique.
 12288 | D:11     | Noticed a two-headed ogre
 12300 | D:11     | Killed a two-headed ogre
 12414 | D:11     | Noticed a death knight
 12426 | D:11     | Killed a death knight
 12805 | D:11     | Killed indyram44's ghost
 12806 | D:11     | Reached XP level 13. HP: 118/118 MP: 12/12
 12813 | D:11     | Identified a scroll of acquirement
 12819 | D:11     | Acquired the ring of the Crown {rN++ Str+6}
 13200 | D:12     | Found Bibb's Antique Weapon Emporium.
 13205 | D:12     | Bought a masterwork broad axe for 270 gold pieces
 13205 | D:12     | Identified the +3 broad axe of Nodamiaq {vorpal, *Rage
                  | Dex+3} (You bought it in a shop on level 12 of the Dungeon)
 13635 | D:13     | Reached skill level 10 in Unarmed Combat
 13642 | D:13     | Reached skill level 10 in Maces & Flails
 13642 | D:13     | Reached skill level 10 in Shields
 13651 | D:13     | Found a gate to the Vaults.
 13818 | D:13     | Noticed a quicksilver ooze
 13818 | D:13     | a seven-headed hydra changed into a quicksilver ooze
 13827 | D:13     | Killed a quicksilver ooze
 13966 | D:13     | Received a gift from Trog
 14091 | D:13     | Found a burning altar of Makhleb.
 14091 | D:13     | Noticed an Executioner
 14209 | D:14     | Found Mizig's Book Shop.
 14219 | D:14     | Reached XP level 14. HP: 129/129 MP: 13/13
 14502 | D:14     | Found a shadowy altar of Dithmenos.
 14630 | D:15     | Entered Level 15 of the Dungeon
 14810 | D:15     | Noticed a quicksilver ooze
 14810 | D:15     | a tyrant leech changed into a quicksilver ooze
 14811 | D:15     | a quicksilver ooze changed into a satyr
 14847 | D:15     | Found a staircase to the Depths.
 14945 | D:15     | Found the +9 heavy crossbow "Sniper" {vorpal, Acc+∞ SInv}
 15056 | D:15     | Found a blossoming altar of Fedhas.
 15560 | Orc:1    | Entered Level 1 of the Orcish Mines
 15587 | Orc:1    | Noticed an orc warlord
 15587 | Orc:1    | Noticed Fannar
 15606 | Orc:1    | Killed an orc warlord
 15664 | Orc:1    | Killed Fannar
 15894 | Orc:2    | Entered Level 2 of the Orcish Mines
 15938 | Orc:2    | Reached skill level 15 in Armour
 15941 | Orc:2    | Received a gift from Trog
 16040 | Orc:2    | Found Turoa's Antique Weapon Boutique.
 16078 | Orc:2    | Found Feoff's Antique Armour Shoppe.
 16086 | Orc:2    | Bought a warped plate armour for 616 gold pieces
 16086 | Orc:2    | Identified the +1 plate armour of Hedge Wizardry {+Blink
                  | rElec rC+++ Str-5} (You bought it in a shop on level 2 of
                  | the Orcish Mines)
 16131 | Orc:2    | Found a staircase to the Elven Halls.
 16199 | Orc:2    | Found Imuehuu's General Store.
 16200 | Orc:2    | Noticed an orc warlord
 16388 | Orc:2    | Killed an orc warlord
 16511 | Orc:2    | Paralysed by an orc sorcerer for 6 turns
 16593 | Orc:2    | Reached ****** piety under Trog
 16632 | Orc:2    | Reached XP level 15. HP: 137/137 MP: 14/14
 16638 | Orc:2    | Received a gift from Trog
 16683 | Orc:2    | Found Turefrat's Book Shoppe.
 16767 | Orc:2    | Found Vinaah's Antique Weapon Emporium.
 17067 | Lair:1   | Entered Level 1 of the Lair of Beasts
 18440 | Lair:3   | Found a hole to the Spider Nest.
 18514 | Lair:3   | Upgraded the game from 0.27-a0-1384-g1422d76b99 to
                  | 0.27-a0-1416-g941b2bd30b
 19242 | Lair:3   | Found a runed translucent door.
 19669 | Lair:4   | Found a staircase to the Shoals.
 20249 | Lair:5   | Received a gift from Trog
 20583 | Lair:5   | Found a staircase to the Slime Pits.
 21297 | Lair:6   | Entered Level 6 of the Lair of Beasts
 21477 | Lair:6   | Reached skill level 10 in Dodging
 21490 | Lair:6   | Received a gift from Trog
 21697 | Lair:6   | Identified the +5 spear "Onuesu" {freeze, rElec rF+ Str-2
                  | Int+3}
 21968 | Lair:6   | Reached XP level 16. HP: 147/147 MP: 15/15
 22186 | Lair:6   | Received a gift from Trog
 22881 | Spider:1 | Entered Level 1 of the Spider Nest
 23172 | Spider:1 | Reached skill level 15 in Fighting
 23353 | Spider:1 | Noticed Jorgrun
 23372 | Spider:1 | Killed Jorgrun
 23491 | Spider:1 | Noticed Louise
 23525 | Spider:1 | Killed Louise
 24143 | Spider:2 | Received a gift from Trog
 24156 | Spider:2 | Reached skill level 15 in Shields
 24325 | Spider:2 | You fall into a shaft and drop 1 floor!
 25448 | Spider:4 | Entered Level 4 of the Spider Nest
 25519 | Spider:4 | Found a runed translucent door.
 25520 | Spider:4 | Noticed Raetutio's ghost (adept DsBe)
 25651 | Spider:4 | Noticed Arachne
 25677 | Spider:4 | Killed Arachne
 25688 | Spider:4 | Received a gift from Trog
 25696 | Spider:4 | Reached XP level 17. HP: 157/157 MP: 16/16
 26043 | Spider:4 | Noticed Agnes
 26051 | Spider:4 | Killed Agnes
 26511 | Spider:4 | Got a gossamer rune of Zot
 26788 | Spider:4 | Killed Raetutio's ghost
 26944 | Shoals:1 | Entered Level 1 of the Shoals
 27060 | Shoals:1 | Found Batumyrr's Book Shoppe.
 27373 | Shoals:1 | You fall into a shaft and drop 1 floor!
 27425 | Shoals:2 | Received a gift from Trog
 27439 | Shoals:2 | Noticed Ilsuiw
 27535 | Shoals:2 | Killed Ilsuiw
 27811 | Shoals:2 | Noticed Frances
 27829 | Shoals:2 | Killed Frances
 28699 | Shoals:3 | Received a gift from Trog
 28950 | Shoals:4 | Entered Level 4 of the Shoals
 29023 | Shoals:4 | Reached XP level 18. HP: 151/168 MP: 17/17
 29509 | Shoals:4 | Got a barnacled rune of Zot
 29693 | Shoals:4 | Identified Roxanne's Handbook of the Rocks
 29693 | Shoals:4 | Noticed Roxanne
 29722 | Shoals:4 | Killed from afar by Roxanne

Illustrated notes

Levels and vault maps discovered:
D:1:      lightli_arrival_maybe_door_vault, layout_loops_cross,
          shapermc_ecumenical_altar_mp_ritualfount, st_stairs_8, minmay_tripent
D:2:      layout_loops_cross, serial_shops,
          nicolae_shop_temple_entry_statues_fountains,
          minmay_fractal_squares_gapless_5
D:3:      layout_basic, lemuel_doored_altar, serial_park_tiny_1,
          minmay_statues_item, st_stairs_5, uniq_grinder
D:4:      layout_basic, minmay_box_of_dots
D:5:      layout_basic, grunt_ministairs_11, uniq_eustachio
D:6:      layout_basic, general_overflow_altar,
          minmay_temple_entry_drinking_statues
D:7:      layout_loops_cross, lemuel_tele_altar, serial_shops, shop,
          uniq_crazy_yiuf_cottage
D:8:      layout_loops_ring, grunt_ministairs_4
D:9:      layout_basic, evilmike_ruin_ashenzari, minmay_lair_entry_grove,
          david_orc_5, enter_bailey_2, hellmonk_guarded_unrand_vines
D:10:     kennysheep_seaside_town, layout_irregular_city,
          minmay_mirror_moons_of_madness
D:11:     layout_basic, gammafunk_ghost_split, serial_shops,
          nicolae_shop_competitors_out_of_business,
          hangedman_abyss_or_decor_stagger, minmay_alternating_orb
D:12:     layout_rooms, serial_shops, shop
D:13:     layout_roguey, erik_vaults_2, minmay_misc_feat_five,
          minmay_crystal_room, makhleb_altar_promises_db
D:14:     layout_roguey, serial_shops, shop, grunt_dithmenos_shadows
D:15:     hangedman_depths_entry_try_elsewhere_first, layout_basic,
          ebering_dispersal_statue_hall, fedhas_altar_fruit_tree
Lair:1:   layout_regular_city, minmay_hedge_maze, grunt_megastairs_3
Lair:2:   layout_loops_ring
Lair:3:   gammafunk_lair_enchanted_lake, layout_gridlike,
          nicolae_spider_entry_orb_guardian
Lair:4:   layout_loops_ring, elwin_shoals_entry_rocks
Lair:5:   layout_cave_pods, nicolae_slime_entry_slimehenge, special_room
          [special_room_mythical_zoo], grunt_megastairs_4
Lair:6:   minmay_lair_end_enchanted_forest, layout_misc_corridors,
          roderic_batcave
Shoals:1: layout_shoals, serial_shops, shop
Shoals:2: layout_shoals, uniq_ilsuiw, uniq_frances
Shoals:3: layout_shoals
Shoals:4: shoals_end_grunt_garden, layout_shoals, nzn_prometheus_bound,
          uniq_roxanne
Spider:1: layout_chambers, uniq_louise, uniq_jorgrun
Spider:2: layout_spider_delve
Spider:3: layout_spider_delve, drop_trap
Spider:4: spider_rune_water, ebering_ghost_inner_flame, uniq_agnes, uniq_arachne
Orc:1:    layout_diamond_mine, basic_altar, uniq_fannar
Orc:2:    grunt_orc_gardens, layout_caves, grunt_orc_garden, grunt_orc_garden,
          grunt_orc_garden, grunt_orc_garden, basic_altar, serial_shops,
          nicolae_shop_overgrown_old_shop, mines5_lemuel

Skill      XL: |  1  2  3  4  5  6  7  8  9 10 11 12 13 14 15 16 17 18 |
---------------+-------------------------------------------------------+-----
Fighting       | 4 5 6 7 8 10 11 12 13 14 15 16 | 16.8
Unarmed Combat | 1 2 3 4 5 6 8 9 10 11 12 13 14 | 14.0
Axes           | 4 5 6 7 8 9 |  9.2
Armour         | 3 4 5 6 7 8 10 11 13 14 15 16 17 | 17.3
Shields        | 1 3 5 6 8 10 12 14 15 17 | 17.7
Dodging        | 3 4 6 7 9 10 11 12 | 12.7
Maces & Flails | 1 3 7 9 10 11 12 13 | 13.1
Evocations     | |  0.8

Action                   |  1- 3 |  4- 6 |  7- 9 | 10-12 | 13-15 | 16-18 || total
-------------------------+-------+-------+-------+-------+-------+-------++-------
Melee: Hand axe          |    90 |    99 |   250 |       |       |       ||   439
       Headbutt          |    14 |    24 |    61 |   134 |   363 |   327 ||   923
       Whip              |       |       |    11 |   589 |  1512 |  1553 ||  3665
       Punch             |       |       |     1 |     6 |       |       ||     7
Invok: Berserk           |     1 |     4 |    10 |    14 |    19 |    10 ||    58
       Trog's Hand       |       |     2 |     1 |       |     1 |     1 ||     5
       Brothers in Arms  |       |       |       |     4 |     3 |    10 ||    17
Evoke: Wand              |       |       |       |       |       |     7 ||     7
  Use: Scroll            |       |     6 |     4 |     3 |    15 |     1 ||    29
       Potion            |       |     3 |       |       |       |     1 ||     4
 Stab: Sleeping          |       |       |       |     2 |     9 |     3 ||    14
       Distracted        |       |       |       |     1 |     1 |     1 ||     3
Armor: Chain mail        |    41 |    43 |   143 |       |       |       ||   227
       Plate armour      |       |       |    22 |   176 |       |       ||   198
       Robe              |       |       |       |   133 |   355 |   437 ||   925
Dodge: Dodged            |    36 |    27 |    80 |   140 |   322 |   407 ||  1012
Block: Other             |       |    17 |    48 |    67 |       |       ||   132
       Reflection        |       |       |       |    11 |    33 |    70 ||   114
       Tower shield      |       |       |       |   242 |  1530 |  1605 ||  3377

Table legend: (Time is in decaauts)
 A = Elapsed time spent in this place.
 B = Non-inter-level travel time spent in this place.
 C = Inter-level travel time spent in this place.
 D = Time resting spent in this place.
 E = Time spent auto-exploring this place.
 F = Levels seen in this place.
 G = Mean time per level.
                   A        B        C        D        E       F      G
               +--------+--------+--------+--------+--------+-----+--------+
         Total |  29683 |  27964 |   1719 |   2267 |  18938 |  32 |  927.6 |
       Dungeon |  15171 |  14262 |    909 |   1249 |  10136 |  15 | 1011.4 |
          Lair |   5709 |   5245 |    464 |    164 |   3926 |   6 |  951.5 |
        Shoals |   2820 |   2783 |     37 |    249 |   1445 |   4 |  705.0 |
   Spider Nest |   3858 |   3698 |    160 |    194 |   2525 |   4 |  964.5 |
  Orcish Mines |   1441 |   1293 |    148 |    133 |    601 |   2 |  720.5 |
        Bailey |    682 |    682 |      0 |    277 |    303 |   1 |  682.0 |
               +--------+--------+--------+--------+--------+-----+--------+

Top non-repeatable levels by time:
     D:9: 1763 daAuts
     D:5: 1375 daAuts
    D:10: 1374 daAuts
Spider:4: 1373 daAuts
     D:3: 1357 daAuts
Spider:1: 1299 daAuts
  Lair:6: 1263 daAuts
  Lair:3: 1260 daAuts
     D:4: 1175 daAuts
    D:11: 1105 daAuts
  Lair:5: 1044 daAuts
     D:2: 1040 daAuts
Shoals:3: 935 daAuts
    D:13: 916 daAuts
Shoals:2: 910 daAuts
